AoeStats
← So sad

Nomad

506203716Analyzed
3v3 RM · 19d ago on Sep 12, 2026· 38m 27s· 6 players
Game mode
Random Map
Map size
210×210
Population
200
Speed
Normal
Resources
Standard
Victory
Conquest
Starting age
Dark Age
Ending age
Imperial Age
RankedLock teamsTeams togetherTeam positionsShared explorationLock speedFull tech treeHidden civsTurbo modeCheats
Victory
Defeat
🇺🇦 Inca · Ukraine
1357
+17
🇧🇾 Goths · Belarus
1356
+17
🇧🇾 Franks · Belarus
1350
+17
1509
-21
🇨🇱 Vikings · Chile
1413
-19
🇨🇱 Wei · Chile
1220
-11
So sad
5:38 Loom
14:47 Feudal Age
16:19 Town Watch
18:31 Wheelbarrow
18:01 Double-Bit Axe
18:49 Stone Mining
18:58 Fishing Lines
21:21 Castle Age
20:56 Scale Barding Armor
22:58 Husbandry
23:19 Forging
23:02 Fletching
28:03 Light Cavalry
31:23 Bow Saw
32:58 Squires
33:01 Scale Mail Armor
33:30 Gold Mining
34:08 Gillnets
37:02 Hand Cart
39:37 Gold Shaft Mining
NiL
6:40 Loom
10:46 Loom
13:13 Feudal Age
13:40 Fishing Lines
13:49 Double-Bit Axe
22:18 Castle Age
20:36 Forging
20:17 Fletching
21:14 Scale Mail Armor
21:15 Padded Archer Armor
20:59 Horse Collar
21:09 Gold Mining
21:10 Stone Mining
24:13 Medium Warships
25:18 Wheelbarrow
24:28 Town Watch
25:20 Gillnets
26:21 Bodkin Arrow
26:34 Heavy Plow
26:44 Bow Saw
30:05 Clinker Construction
30:13 Careening
30:32 Hand Cart
36:12 Imperial Age
36:27 Chain Mail Armor
36:47 Iron Casting
38:15 Heavy Plow
39:02 Stone Shaft Mining
39:03 Gold Shaft Mining
38:59 Dry Dock
39:03 Ballistics
HURMA
3:32 Loom
13:55 Feudal Age
15:27 Fishing Lines
17:50 Castle Age
15:33 Fishing Lines
16:32 Scale Mail Armor
18:13 Town Watch
18:50 Chain Mail Armor
18:48 Double-Bit Axe
19:52 Gillnets
20:52 Forging
21:49 Horse Collar
23:20 Anarchy
24:14 Iron Casting
25:03 Squires
26:30 Pikeman
29:04 Wheelbarrow
29:29 Gold Mining
31:52 Heavy Plow
33:37 Fletching
34:04 Stone Mining
40:33 Imperial Age
AgeOfFentanil0
5:28 Loom
15:53 Feudal Age
17:02 Double-Bit Axe
17:54 Fletching
22:25 Castle Age
20:48 Gold Mining
23:20 Medium Warships
23:08 Bodkin Arrow
26:38 Ballistics
26:52 Town Watch
33:31 Man-at-Arms
35:34 Long Swordsman
AiM | Walter Quiver
7:19 Loom
14:19 Feudal Age
19:06 Castle Age
20:04 Double-Bit Axe
21:06 Bow Saw
22:01 Fletching
21:53 Fishing Lines
27:37 Pikeman
31:13 Horse Collar
32:40 Wheelbarrow
31:35 Crossbowman
37:35 Imperial Age
37:17 Squires
37:18 Scale Mail Armor
38:15 Chain Mail Armor
|DD2E| Poloisses
5:11 Loom
13:35 Feudal Age
20:09 Castle Age
19:20 Double-Bit Axe
19:17 Horse Collar
23:12 Husbandry
28:54 Scale Barding Armor
Connection lost

Rejoining the realm…

Still unreachable

The connection could not be restored.

Session expired

The server has moved on; the page needs a fresh start.